 Dungeon Crawl Stone Soup version 0.31-a0-765-g67fe2935dc (webtiles) character file.

Game seed: 8188240448755240645

113 Pixllover the Trooper (level 4, 0/29 HPs)
             Began as a Gargoyle Berserker on Sept 16, 2023.
             Was a Believer of Trog.
             Slain by a gnoll
             ... wielding a +0 club
              (2 damage)
             ... on level 2 of the Dungeon.
             The game lasted 00:03:43 (1674 turns).

Pixllover the Trooper (Gargoyle Berserker)          Turns: 1674, Time: 00:03:44

Health: 0/29       AC: 14    Str: 22    XL:     4   Next: 96%
Magic:  4/4        EV: 10    Int:  8    God:    Trog [**....]
Gold:   67         SH:  0    Dex:  9    Spells: 3/3 levels left

rFire   . . .        a - +0 mace
rCold   . . .        (no shield)
rNeg    + . .        s - +0 scale mail
rPois   ∞            e - +2 helmet
rElec   +            l - +0 cloak
rCorr   .            (no gloves)
SInv    .            (no boots)
Will    .....        (no amulet) Stlth
                     (no ring)
HPRegen 0.24/turn    (no ring)
MPRegen 0.09/turn

%: no passive effects
@: on berserk cooldown
A: sickness immunity, AC +3, negative energy resistance 1, electricity
resistance, torment resistance 1, petrification resistance
a: Renounce Religion, Berserk, Trog's Hand


You were on level 2 of the Dungeon.
You worshipped Trog.
Trog was pleased with you.
You visited 1 branch of the dungeon, and saw 3 of its levels.

You collected 67 gold pieces.

Inventory:

Hand Weapons
 a - a +0 mace (weapon)
Missiles
 i - 5 javelins (quivered)
 j - 4 darts of dispersal
Armour
 e - a +2 helmet (worn)
 l - a +0 cloak (worn)
 s - a +0 scale mail (worn)
Scrolls
 b - 3 scrolls of blinking {unknown}
 c - a scroll of summoning {unknown}
 f - 2 scrolls of revelation {unknown}
 g - 2 scrolls of vulnerability {unknown}
 h - 2 scrolls of identify {unknown}
 n - a scroll of silence {unknown}
 q - a scroll of immolation {unknown}
 r - a scroll of teleportation {unknown}
Potions
 d - a potion of curing {unknown}
 k - 2 potions of might {unknown}
 m - a potion of haste {unknown}
 o - 2 potions of degeneration {unknown}
 p - a potion of lignification {unknown}


   Skills:
 + Level 4.2 Fighting
 + Level 4.2 Maces & Flails
 + Level 2.8 Armour
 + Level 2.1 Dodging
 + Level 0.1 Stealth


You had 3 spell levels left.
You didn't know any spells.
Your spell library was empty.

Dungeon Overview and Level Annotations

Branches:
Dungeon (3/15)

Altars:

Annotations:
D:3 Sigmund


Innate Abilities, Weirdness & Mutations

You are immune to sickness and miasma.
Your stone body is resilient. (AC +3)
You are immune to poison.
You resist negative energy. (rN+)
You are resistant to electric shocks. (rElec)
You are resistant to unholy torment.
You are immune to petrification.


Message History

The kobold misses you.
The orc hits you from afar with a +0 trident.
* * * LOW HITPOINT WARNING * * *
Items here: ))) [ †††.
You feel a strong urge to attack something.
The kobold attacks as it pursues you! The kobold misses you.
You are no longer berserk.
You are exhausted.
You feel yourself slow down.
You feel the effects of Trog's Hand fading.
The kobold throws a stone.
The stone closely misses you.
The kobold throws a stone.
The stone hits you but does no damage.
Your skin stops crawling.
You feel less strong-willed.
The kobold throws a stone.
The stone barely misses you.
The kobold throws a stone.
The stone barely misses you.
The kobold throws a stone.
The stone closely misses you. The gnoll attacks as it pursues you!
The gnoll hits you but does no damage.
There is a stone staircase leading up here.
The gnoll hits you with a +0 club.
The orc hits you from afar with a +0 trident.
* * * LOW HITPOINT WARNING * * *
The gnoll hits you with a +0 club.
* * * LOW HITPOINT WARNING * * *
The kobold hits you but does no damage.
You climb upwards.
There is a stone staircase leading down here.
You hit the gnoll.
The gnoll is lightly wounded.
The gnoll hits you but does no damage. x2
The gnoll attacks as it pursues you! The gnoll closely misses you.
The gnoll barely misses you. The gnoll attacks as it pursues you!
The gnoll hits you but does no damage.
You see here a +0 sling.
The gnoll barely misses you. The gnoll attacks as it pursues you!
The gnoll barely misses you. The gnoll hits you with a +0 club.
* * * LOW HITPOINT WARNING * * *
You feel yourself speed up. The gnoll hits you with a +0 club.
You die...

#
#(##########>##.#
#####.# #.##.#
....).# #.##.#
#####.# #)##.#
#.# #.##.# #.#
##.##.# #.#
#...#.# #.#
#g#...# #####.#
#.@.### #.....#
##.## #.##### #.#
...###########
#.#
.#..†<.......#
#.#
...#########.#
#.# ..>.....# #.#
#.# #######.# #.#
#.# ##.## #.# #.#


You could see a gnoll.

Vanquished Creatures
  An iguana (D:3)
  2 gnolls (D:3)
  2 worms (D:2)
  3 dart slugs (D:1)
  2 orcs (D:3)
  5 ball pythons
  4 bats
  4 endoplasms
  2 giant cockroaches
  7 hobgoblins
  3 jackals (D:2)
  A frilled lizard (D:1)
  5 goblins
  5 kobolds
  4 rats
50 creatures vanquished.

Notes
Turn   | Place    | Note
-------+----------+-------------------------------------------
     0 | D:1      | Pixllover the Gargoyle Berserker began the quest for the
                  | Orb.
     0 | D:1      | Reached XP level 1. HP: 14/14 MP: 1/1
   126 | D:1      | Reached XP level 2. HP: 19/19 MP: 2/2
   474 | D:1      | Reached XP level 3. HP: 22/24 MP: 3/3
   923 | D:2      | Reached ** piety under Trog
  1583 | D:3      | Identified the +4 robe of the Unseen Realm {rElec Will+
                  | Str+3}
  1602 | D:3      | Reached XP level 4. HP: 29/29 MP: 4/4
  1617 | D:3      | Noticed Sigmund
  1664 | D:3      | HP: 1/29 [gnoll/+0 club (5)]
  1673 | D:2      | HP: 1/29 [gnoll/+0 club (3)]
  1674 | D:2      | Slain by a gnoll

Illustrated notes

Levels and vault maps discovered:
D:1:      saegor_arrival_simple_e, layout_loops_ring, serial_forest,
          infiniplex_forest_clump_small, infiniplex_forest_straight_5,
          infiniplex_forest_end_2, infiniplex_forest_clump_curved,
          infiniplex_forest_clump_small, infiniplex_forest_end_2
D:2:      layout_loops_ring
D:3:      layout_basic, uniq_sigmund

Skill      XL: |  1  2  3  4 |
---------------+-------------+-----
Dodging        | 2 |  2.1
Fighting       | 4 |  4.2
Maces & Flails | 4 |  4.2
Armour         | |  2.8
Stealth        | |  0.1

Action                     |  1- 3 |  4- 6 || total
---------------------------+-------+-------++-------
  Melee: Mace              |   118 |    27 ||   145
 Invoke: Berserk           |       |     1 ||     1
         Trog's Hand       |       |     1 ||     1
 Armour: Animal skin       |    40 |       ||    40
         Ring mail         |    50 |       ||    50
         Scale mail        |     6 |    46 ||    52
  Dodge: Dodged            |    89 |    38 ||   127

Table legend: (Time is in decaauts)
 A = Elapsed time spent in this place.
 B = Non-inter-level travel time spent in this place.
 C = Inter-level travel time spent in this place.
 D = Time resting spent in this place.
 E = Time spent auto-exploring this place.
 F = Levels seen in this place.
 G = Mean time per level.
                   A        B        C        D        E       F      G
               +--------+--------+--------+--------+--------+-----+--------+
         Total |   1711 |   1667 |     44 |      0 |   1079 |   3 |  570.3 |
       Dungeon |   1711 |   1667 |     44 |      0 |   1079 |   3 |  570.3 |
               +--------+--------+--------+--------+--------+-----+--------+

Top non-repeatable levels by time:
     D:1: 923 daAuts
     D:2: 698 daAuts
     D:3: 90 daAuts
